 Dungeon Crawl Stone Soup version 0.29-a0-620-g13ace881f2 (webtiles) character file.

Game seed: 7134661471351915230

105 Glokmah the Firebug (level 4, -9/33 HPs)
             Began as a Barachi Fire Elementalist on June 18, 2022.
             Mangled by a black bear (10 damage)
             ... on level 4 of the Dungeon.
             The game lasted 00:06:59 (3191 turns).

Glokmah the Firebug (Barachi Fire Elementalist)     Turns: 3191, Time: 00:07:01

Health: -9/33      AC:  6    Str: 10    XL:     4   Next: 83%
Magic:  0/8        EV: 11    Int: 23    God:
Gold:   118        SH:  0    Dex: 12    Spells: 2/8 levels left

rFire   . . .      SeeInvis .   a - +0 rapier
rCold   . . .      Faith    .   (no shield)
rNeg    . . .      Spirit   .   c - +3 leather armour
rPois   .          Reflect  .   (no helmet)
rElec   .          Harm     .   (no cloak)
rCorr   .          Rampage  .   (no gloves)
Will    .....                   (no boots)
Stlth   ++........              (no amulet)
HPRegen 0.11/turn               y - +6 ring of intelligence
MPRegen 0.11/turn               (no ring)

@: unable to hop, slow
A: amphibious, slowness 1, strong legs 1, +LOS
a: Hop


You were on level 4 of the Dungeon.
You visited 1 branch of the dungeon, and saw 4 of its levels.

You collected 118 gold pieces.

Inventory:

Hand Weapons
 a - a +0 rapier (weapon)
 d - a +0 mace
Missiles
 e - 6 poisoned darts
 j - 3 atropa-tipped darts
 n - 5 boomerangs
Armour
 c - a +3 leather armour (worn)
Magical Staves
 w - a staff of poison
Jewellery
 y - a +6 ring of intelligence (left hand)
Wands
 x - a wand of iceblast (2)
Scrolls
 g - a scroll of identify {unknown}
 h - 2 scrolls of amnesia {unknown}
 i - a scroll of acquirement {unknown}
 l - 2 scrolls of brand weapon {unknown}
 m - a scroll of enchant weapon {unknown}
 o - a scroll of fog {unknown}
 q - a scroll of magic mapping {unknown}
 r - a scroll of summoning {unknown}
 s - a scroll of teleportation {unknown}
 t - a scroll of fear {unknown}
 u - a scroll of vulnerability {unknown}
 v - a scroll of silence {unknown}
 B - a scroll of blinking {unknown}
Potions
 b - a potion of magic
 f - a potion of lignification {unknown}
 k - a potion of curing {unknown}
 p - a potion of ambrosia {unknown}
 z - 2 potions of attraction {unknown}
 A - a potion of mutation {unknown}


   Skills:
 + Level 2.0 Fighting
 - Level 2.1 Dodging
 - Level 1.7 Stealth
 + Level 2.7 Spellcasting
 * Level 3.0 Conjurations
 * Level 4.2 Fire Magic


You had 2 spell levels left.
You knew the following spells:

 Your Spells              Type           Power      Damage    Failure   Level
a - Foxfire               Conj/Fire      76%        2x1d7     3%          1
b - Scorch                Fire           44%        2d7       4%          2
c - Conjure Flame         Conj/Fire      19%        6-21      11%         3

Your spell library contained the following spells:

 Spells                   Type           Power      Damage    Failure   Level
 Inner Flame              Hex/Fire       12%        N/A       21%         3
 Flame Wave               Conj/Fire      19%        2d6       36%         4
 Gell's Gravitas          Tloc           3%         N/A       43%         3
 Teleport Other           Tloc           3%         N/A       43%         3
 Dispersal                Tloc           1%         N/A       100%        6


Dungeon Overview and Level Annotations

Branches:
Dungeon (4/15)
 Temple: D:4-7

Altars:


Innate Abilities, Weirdness & Mutations

You are amphibious.
You cover ground slowly.
You can hop short distances.
You have an extended range of vision and can be seen from far away.


Message History

Casting: Foxfire (safe; 3% risk of failure)
Confirm with . or Enter, or press ? or * to list all spells.
You conjure some foxfire!
The foxfire hits the black bear.
The black bear is heavily wounded.
The foxfire hits the black bear but does no damage.
The black bear is heavily wounded.
The foxfire hits the black bear.
The black bear is severely wounded.
The black bear goes berserk!
Your foxfire dissipates!
The foxfire hits the black bear.
The black bear is almost dead.
The black bear rages.
Hop to where?
Press: ? - help, Dir - move target Boing!
The black bear rages.
You closely miss the black bear.
The black bear is severely wounded.
The black bear barely misses you. x2; The black bear claws you.
The black bear completely misses you. The black bear barely misses you. x2
You barely miss the black bear.
The black bear is severely wounded.
The black bear bites you! The black bear misses you. The black bear claws you.
The black bear closely misses you. The black bear claws you. x2
Casting: Foxfire (safe; 3% risk of failure)
Confirm with . or Enter, or press ? or * to list all spells.
You conjure some foxfire!
The black bear bites you!
* * * LOW HITPOINT WARNING * * *
The black bear barely misses you. The black bear claws you.
* * * LOW HITPOINT WARNING * * *
A necrophage comes into view.
You barely miss the black bear.
The black bear is severely wounded.
The foxfire hits the black bear.
The black bear is almost dead.
The foxfire hits the black bear but does no damage.
The black bear is almost dead.
The black bear bites you!
You die...

.. ... ...##
####
#..###..##
#....h@.#
###..<†§##
##.......#
##........#
##.........#
##..........#
#.$###......#
#..n##
##..>.##
......#
##.###


You could see a black bear (berserk) and a necrophage.

Vanquished Creatures
  2 adders (D:2)
  A worm (D:2)
  2 dart slugs
  7 orcs
  6 ball pythons
  3 endoplasms
  A giant cockroach (D:1)
  9 goblins
  6 hobgoblins
  10 jackals
  2 quokkas
  9 bats
  A frilled lizard (D:2)
  A kobold (D:1)
  6 rats
66 creatures vanquished.

Vanquished Creatures (collateral kills)
  A foxfire (D:1)
1 creature vanquished.

Vanquished Creatures (others)
  156 foxfires
156 creatures vanquished.

Grand Total: 223 creatures vanquished

Notes
Turn   | Place    | Note
-------+----------+-------------------------------------------
     0 | D:1      | Glokmah the Barachi Fire Elementalist began the quest for
                  | the Orb.
     0 | D:1      | Reached XP level 1. HP: 13/13 MP: 3/3
   160 | D:1      | You fall into a shaft and drop 1 floor!
   256 | D:2      | Reached XP level 2. HP: 12/20 MP: 0/5
   268 | D:2      | Reached skill level 1 in Fighting
   703 | D:2      | Reached XP level 3. HP: 26/26 MP: 4/6
   870 | D:2      | Learned a level 2 spell: Scorch
  1132 | D:1      | Reached skill level 4 in Fire Magic
  1287 | D:1      | Found a faded altar of an unknown god.
  1310 | D:1      | Reached XP level 4. HP: 32/32 MP: 5/7
  2094 | D:2      | Learned a level 3 spell: Conjure Flame
  3175 | D:4      | Noticed a black bear
  3190 | D:4      | HP: 1/33 [black bear (6)]
  3190 | D:4      | Noticed a necrophage
  3191 | D:4      | Mangled by a black bear

Illustrated notes

Levels and vault maps discovered:
D:1:      lightli_arrival_flooded_house, layout_rooms,
          chequers_ecumenical_altar_simple
D:2:      layout_basic, minmay_goblin_outpost
D:3:      layout_rooms, nicolae_overflow_hidden_temple, hangedman_decor_lopped
D:4:      layout_cave_pods, nicolae_sif_muna_little_library

Skill      XL: |  1  2  3  4 |
---------------+-------------+-----
Fighting       | 1 2 |  2.0
Conjurations   | 2 3 |  3.0
Fire Magic     | 4 |  4.2
Dodging        | |  2.1
Stealth        | |  1.7
Spellcasting   | |  2.7

Action                   |  1- 3 |  4- 6 || total
-------------------------+-------+-------++-------
Melee: Unarmed           |     3 |       ||     3
       Mace              |     9 |       ||     9
       Rapier            |    10 |    32 ||    42
Throw: Dart              |     3 |       ||     3
 Cast: Foxfire           |    49 |    57 ||   106
       Scorch            |       |     6 ||     6
 Abil: Hop               |     1 |     1 ||     2
Armor: Leather armour    |    32 |    14 ||    46
Dodge: Dodged            |    36 |    37 ||    73

Table legend: (Time is in decaauts)
 A = Elapsed time spent in this place.
 B = Non-inter-level travel time spent in this place.
 C = Inter-level travel time spent in this place.
 D = Time resting spent in this place.
 E = Time spent auto-exploring this place.
 F = Levels seen in this place.
 G = Mean time per level.
                   A        B        C        D        E       F      G
               +--------+--------+--------+--------+--------+-----+--------+
         Total |   3560 |   3371 |    189 |    424 |   2149 |   4 |  890.0 |
       Dungeon |   3560 |   3371 |    189 |    424 |   2149 |   4 |  890.0 |
               +--------+--------+--------+--------+--------+-----+--------+

Top non-repeatable levels by time:
     D:2: 1693 daAuts
     D:3: 1025 daAuts
     D:1: 811 daAuts
     D:4: 31 daAuts
